 Dungeon Crawl Stone Soup version 0.31-a0-182-gc5ef74bbde (webtiles) character file.

Game seed: 12574866346219073086

72 qw the Shooter (level 4, -1/40 HPs)
             Began as a Naga Hunter on June 20, 2023.
             Was an Initiate of Okawaru.
             Slain by a goblin
             ... wielding a +2 dagger of electrocution
             ... led by Robin
              (7 damage)
             ... on level 3 of the Dungeon.
             The game lasted 00:00:30 (1443 turns).

qw the Shooter (Naga Hunter)                        Turns: 1443, Time: 00:00:31

Health: -1/40      AC:  3    Str: 13    XL:     4   Next: 26%
Magic:  4/4        EV:  9    Int:  9    God:    Okawaru [......]
Gold:   81         SH:  0    Dex: 17    Spells: 3/3 levels left

rFire   . . .        Y - +2 shortbow
rCold   . . .        (shield currently unavailable)
rNeg    . . .        c - +0 leather armour
rPois   +            (no helmet)
rElec   .            (no cloak)
rCorr   .            a - +0 pair of gloves
SInv    +            (no barding)
Will    .....        (no amulet)
Stlth   ++           (no ring)
HPRegen 0.26/turn    (no ring)
MPRegen 0.09/turn

%: no passive effects
@: very slow
A: AC +1, large, see invisible, deformed body, poison resistance, slowness 2,
spit poison 1, naga tail 1
a: Spit Poison, Renounce Religion


You were on level 3 of the Dungeon.
You worshipped Okawaru.
Okawaru was noncommittal.
You visited 1 branch of the dungeon, and saw 3 of its levels.

You collected 81 gold pieces.


Innate Abilities, Weirdness & Mutations

Your serpentine skin is tough. (AC +1)
You have supernaturally acute eyesight. (SInv)
Armour fits poorly on your strangely shaped body.
Your system is resistant to poisons. (rPois)
You cover ground very slowly.
You can spit poison.
You have a snake-like lower body.


   Skills:
 + Level 2.4 Fighting
 - Level 5.0 Ranged Weapons
 - Level 1.5 Dodging
 - Level 1.5 Stealth


You had 3 spell levels left.
You didn't know any spells.
Your spell library was empty.

Inventory:

Hand Weapons
 Y - a +2 shortbow (weapon)
Armour
 a - a +0 pair of gloves (worn)
 c - a +0 leather armour (worn)
Potions
 b - a potion of haste {unknown}
 d - a potion of experience {unknown}
 e - a potion of mutation {unknown}

Dungeon Overview and Level Annotations

Branches:
Dungeon (3/15)

Altars:
Okawaru

Annotations:
D:3 Grinder


Message History

The goblin hits you with a +0 club.
A goblin comes into view.
It is wielding a +2 dagger of electrocution.
1437 ||| INVOKING Spit Poison.
Aiming: Spit Poison (1% risk of failure)
Press: ? - help, Shift-Dir - straight line, f/p - Robin The splash of poison hits Robin!
Robin is severely wounded.
The goblin hits you with a +0 club.
A hobgoblin comes into view.
Robin misses you.
You shoot an arrow. The arrow completely misses Robin.
The arrow hits the goblin.
You kill the goblin!
The goblin barely misses you.
You shoot an arrow. The arrow barely misses Robin.
The arrow hits the goblin!
You kill the goblin!
Okawaru accepts your kill.
You have got your breath back.
The goblin hits you with a +0 club.
1440 ||| INVOKING Spit Poison.
Aiming: Spit Poison (1% risk of failure)
Press: ? - help, Shift-Dir - straight line, f/p - Robin The splash of poison hits Robin!
Robin is poisoned.
You kill Robin!
Okawaru accepts your kill. The goblin hits you with a +0 club.
You shoot an arrow. The arrow closely misses the hobgoblin.
The arrow closely misses Grinder.
The goblin misses you. The hobgoblin barely misses you.
Grinder blinks!
You shoot an arrow. The arrow barely misses the hobgoblin.
The arrow barely misses the giant cockroach.
The arrow completely misses the goblin.
The hobgoblin barely misses you. The goblin barely misses you.
The goblin hits you with a +2 dagger of electrocution.
You shoot an arrow. The arrow hits the hobgoblin!
You kill the hobgoblin!
Okawaru accepts your kill.
You have got your breath back.
The goblin hits you with a +2 dagger of electrocution!
You die...

..# #.# gg.5 #..
...g #.. ..B.. .#
#g# ..... .... #g#
.%.... #.#.#
#g##...... .....#
#@)B)!....
.......###.gg......
#....##....)......
#................
##....###........
#...........5...
##....%...#......
#.............###
#...######......


You could see Grinder, a giant cockroach and 5 goblins.

Vanquished Creatures
  Robin (D:3)
  2 adders
  A dart slug (D:1)
  A bat (D:2)
  3 endoplasms (D:1)
  9 goblins
  6 hobgoblins
  3 jackals (D:1)
  2 quokkas (D:1)
  2 ball pythons (D:2)
  2 frilled lizards (D:2)
  3 kobolds
  5 rats
40 creatures vanquished.

Notes
Turn   | Place    | Note
-------+----------+-------------------------------------------
     0 | D:1      | qw the Naga Hunter began the quest for the Orb.
     0 | D:1      | Reached XP level 1. HP: 19/19 MP: 1/1
     0 | D:1      | 0 ||| qw: Version: 0.3-a-9-g12657ce
     0 | D:1      | 0 ||| qw: Game counter: 1210
     0 | D:1      | 0 ||| qw: Always use a shield: true
     0 | D:1      | 0 ||| qw: God list: Okawaru
     0 | D:1      | 0 ||| qw: Allow faded altars: false
     0 | D:1      | 0 ||| qw: Do Orc after D:15 true
     0 | D:1      | 0 ||| qw: Do second Lair branch before Depths: true
     0 | D:1      | 0 ||| qw: Lair rune preference: random
     0 | D:1      | 0 ||| qw: Plans: Normal
     0 | D:1      | 0 ||| PLANNING D:1-11
    12 | D:1      | 12 ||| INVOKING Spit Poison.
    52 | D:1      | 52 ||| INVOKING Spit Poison.
   115 | D:1      | 115 ||| INVOKING Spit Poison.
   120 | D:1      | 120 ||| INVOKING Spit Poison.
   122 | D:1      | Reached skill level 4 in Ranged Weapons
   122 | D:1      | Reached XP level 2. HP: 26/26 MP: 2/2
   139 | D:1      | 139 ||| INVOKING Spit Poison.
   142 | D:1      | 142 ||| INVOKING Spit Poison.
   154 | D:1      | 154 ||| INVOKING Spit Poison.
   181 | D:1      | You fall into a shaft and drop 1 floor!
   269 | D:2      | 269 ||| INVOKING Spit Poison.
   275 | D:2      | 275 ||| INVOKING Spit Poison.
   278 | D:2      | 278 ||| INVOKING Spit Poison.
   317 | D:2      | 317 ||| READING scroll labelled JEMAGILEHU.
   318 | D:2      | 318 ||| READING scroll labelled QADGHI QEUFEE.
   319 | D:2      | 319 ||| READING scroll labelled GIKKAPI PASSUNN.
   320 | D:2      | 320 ||| READING 2 scrolls labelled WAOSETT LEPEAK.
   321 | D:2      | 321 ||| READING scroll of enchant weapon.
   321 | D:2      | 321 ||| ENCHANTING +1 shortbow.
   322 | D:2      | 322 ||| READING scroll labelled OSEIWI WANLYAS.
   323 | D:2      | 323 ||| DROPPING scroll of butterflies.
   346 | D:1      | 346 ||| INVOKING Spit Poison.
   348 | D:1      | Reached XP level 3. HP: 30/32 MP: 3/3
   414 | D:1      | 414 ||| INVOKING Spit Poison.
   422 | D:1      | Found a faded altar of an unknown god.
   560 | D:1      | 560 ||| INVOKING Spit Poison.
   682 | D:1      | 682 ||| INVOKING Spit Poison.
   696 | D:1      | 696 ||| INVOKING Spit Poison.
   700 | D:1      | 700 ||| INVOKING Spit Poison.
   766 | D:1      | 766 ||| UPGRADING to +0 pair of gloves.
   810 | D:2      | 810 ||| INVOKING Spit Poison.
   915 | D:2      | 915 ||| INVOKING Spit Poison.
   931 | D:2      | 931 ||| INVOKING Spit Poison.
  1006 | D:2      | 1006 ||| INVOKING Spit Poison.
  1089 | D:2      | Found an iron altar of Okawaru.
  1090 | D:2      | 1090 ||| PLANNING OKAWARU WORSHIP
  1091 | D:2      | 1091 ||| DROPPING scarf of invisibility.
  1092 | D:2      | 1092 ||| DRINKING 2 yellow potions.
  1093 | D:2      | 1093 ||| DROPPING potion of attraction.
  1101 | D:2      | Became a worshipper of Warmaster Okawaru
  1102 | D:2      | 1102 ||| PLANNING D:1-11
  1111 | D:2      | 1111 ||| INVOKING Spit Poison.
  1180 | D:2      | 1180 ||| INVOKING Spit Poison.
  1273 | D:2      | 1273 ||| INVOKING Spit Poison.
  1340 | D:3      | 1340 ||| INVOKING Spit Poison.
  1346 | D:3      | 1346 ||| INVOKING Spit Poison.
  1350 | D:3      | 1350 ||| INVOKING Spit Poison.
  1354 | D:3      | 1354 ||| INVOKING Spit Poison.
  1423 | D:3      | Noticed Grinder
  1425 | D:3      | 1425 ||| INVOKING Spit Poison.
  1425 | D:3      | Noticed Robin
  1431 | D:3      | Reached skill level 5 in Ranged Weapons
  1431 | D:3      | Reached XP level 4. HP: 33/39 MP: 4/4
  1432 | D:3      | 1432 ||| INVOKING Spit Poison.
  1433 | D:3      | 1433 ||| Stepping ~*~*~tactically~*~*~ (outnumbered).
  1437 | D:3      | 1437 ||| INVOKING Spit Poison.
  1440 | D:3      | 1440 ||| INVOKING Spit Poison.
  1440 | D:3      | Killed Robin
  1442 | D:3      | HP: 5/40 [goblin/+2 dagger of electrocution[Robin] (5)]
  1443 | D:3      | Slain by a goblin

Levels and vault maps discovered:
D:1:      amcnicky_arrival_wind_blow, layout_basic, basic_ecumenical_altar
D:2:      layout_loops_ring, basic_altar
D:3:      layout_rooms, amethyst_overflow_temple_binary, uniq_ijyb, uniq_robin,
          uniq_grinder

Skill      XL: |  1  2  3 |
---------------+----------+-----
Ranged Weapons | 4 5 |  5.0
Fighting       | |  2.4
Dodging        | |  1.5
Stealth        | |  1.5

Action                     |  1- 3 |  4- 6 || total
---------------------------+-------+-------++-------
   Fire: Shortbow          |    67 |     9 ||    76
Ability: Spit Poison       |    28 |     3 ||    31
    Use: Scroll            |     6 |       ||     6
         Potion            |     1 |       ||     1
 Armour: Leather armour    |     9 |     1 ||    10
  Dodge: Dodged            |    16 |     7 ||    23

Table legend:
 A = Non-vault XP
 B = Vault XP
 C = Vault XP percentage of total XP
 D = Non-vault monster count
 E = Vault monster count
 F = Vault count percentage of total count
                 A         B        C        D         E       F
            +---------+---------+-------+---------+---------+-------
      Total |      76 |      30 |  28.3 |      32 |       8 |  20.0
            +---------+---------+-------+---------+---------+-------
        D:1 |      35 |       0 |   0.0 |      19 |       0 |   0.0
        D:2 |      28 |       0 |   0.0 |      12 |       0 |   0.0
        D:3 |      13 |      30 |  69.8 |       1 |       8 |  88.9
            +---------+---------+-------+---------+---------+-------
